 Dungeon Crawl Stone Soup version 0.24.0-1-gfbc8707122 (webtiles) character file.

Game seed: 12204525786254448061, levelgen mode: deterministic

3348 Mrkan the Cleaver (level 10, -4/91 HPs)
             Began as a Hill Orc Fighter on Oct 27, 2019.
             Was a Priest of Makhleb.
             Killed by the air
             ... invoked by Gastronok
              (18 damage)
             ... on level 8 of the Dungeon.
             The game lasted 00:16:21 (6971 turns).

Mrkan the Cleaver (Hill Orc Fighter)                Turns: 6971, Time: 00:16:22

Health: -4/91      AC: 10    Str: 22      XL:     10   Next: 2%
Magic:  16/16      EV:  8    Int:  8      God:    Makhleb [***...]
Gold:   464        SH: 11    Dex:  9 (11) Spells: 9/9 levels left

rFire    . . .     SeeInvis +   a - +0 war axe
rCold    . . .     Gourm    .   c - +0 shield
rNeg     . . .     Faith    .   b - +0 scale mail
rPois    .         Spirit   .   J - +0 helmet (curse)
rElec    .         Reflect  .   g - +0 cloak
rCorr    +         Harm     .   B - +0 pair of gloves
MR       .....                  (no boots)
Stlth    ..........             F - amulet of regeneration
HPRegen  0.65/turn              q - ring of resist corrosion
MPRegen  0.15/turn              s - ring of see invisible

@: no status effects
A: no striking features
a: Minor Destruction, Lesser Servant of Makhleb, Renounce Religion


You were on level 8 of the Dungeon.
You worshipped Makhleb.
Makhleb was most pleased with you.
You were not hungry.

You visited 1 branch of the dungeon, and saw 8 of its levels.

You collected 464 gold pieces.

Inventory:

Hand Weapons
 a - a +0 war axe (weapon)
Armour
 b - a +0 scale mail (worn)
 c - a +0 shield (worn)
 g - a +0 cloak (worn)
 B - a +0 pair of gloves (worn)
 J - a cursed +0 helmet (worn)
Jewellery
 q - a ring of resist corrosion (left hand)
 s - a ring of see invisible (right hand)
 E - an uncursed ring of flight
 F - an amulet of regeneration (around neck)
Wands
 G - a wand of disintegration (11)
Scrolls
 e - 4 scrolls of teleportation
 h - 2 scrolls of fog
 i - 5 scrolls of remove curse
 j - a scroll of magic mapping {unknown}
 k - a scroll of random uselessness {unknown}
 l - a scroll of blinking {unknown}
 p - a scroll of enchant weapon {unknown}
 u - 3 scrolls of immolation
 w - 2 scrolls of amnesia {unknown}
 y - 3 scrolls of enchant armour
 z - a scroll of fear {unknown}
Potions
 d - a potion of might
 m - 3 potions of curing
 n - 2 potions of degeneration
 r - a potion of haste {unknown}
 v - a potion of cancellation {unknown}
 x - a potion of invisibility {unknown}
 C - a potion of magic {unknown}
 D - a potion of ambrosia {unknown}
 H - 2 potions of flight
 I - a potion of resistance {unknown}
Comestibles
 f - 12 rations
 t - a chunk of flesh


   Skills:
 + Level 9.0 Fighting
 + Level 9.9 Axes
 - Level 4.1 Armour
 + Level 8.1 Shields
 + Level 8.2 Invocations


You had 9 spell levels left.
You didn't know any spells.
Your spell library contained the following spells:

 Spells                   Type           Power        Failure   Level  Hunger
 Summon Small Mammal      Summ           #...         95%         1    ##.....
 Call Imp                 Summ           #.......     99%         2    ###....
 Call Canine Familiar     Summ           #.......     100%        3    ####...
 Summon Guardian Golem    Hex/Summ       #.......     100%        3    ####...
 Summon Ice Beast         Ice/Summ       #.......     100%        4    #####..
 Summon Lightning Spire   Summ/Air       #.......     100%        4    #####..


Dungeon Overview and Level Annotations

Branches:
Dungeon (8/15)             Temple (0/1) D:6
   Lair: D:8-11

Altars:
Ashenzari
Cheibriados
Elyvilon
Hepliaklqana
Makhleb
Nemelex Xobeh
Okawaru
Qazlal
Ru
Sif Muna
Vehumet

Annotations:
D:8 Gastronok


Message History

Gastronok is severely wounded.
You slash the rat!
You kill the rat!
The rat's corpse disappears in a puff of smoke!
Gastronok bites you!!
* * * LOW HITPOINT WARNING * * *
You hit Gastronok.
Gastronok is severely wounded.
Gastronok's eyestalks quiver as he mumbles some strange words.
The bat hits you but does no damage. You block the bat's attack.
You block the bat's attack. The bat closely misses you.
Some of the chunks of flesh in your inventory have rotted away.
You closely miss the bat. The bat barely misses you.
The bat hits you but does no damage.
You barely miss the bat. The bat closely misses you.
The bat hits you but does no damage.
Gastronok waves his eye-stalks in wide circles.
The air twists around and strikes you!!
You die...

###### .....#
.###.# #####
.###.# #...#####
..##.#####.......#
.............###.#
..##.######### #@#
.....# #b# ..####
#.# ..# #######
#.# ### #....<#
#w### # #.....#
#s..# # #.....#
###.# # ##.....##
s# # #.......# .#


You could see Gastronok, a scorpion and a bat.

Vanquished Creatures
  Pikel (D:7)
  A hippogriff (D:7)
  Eustachio (D:5)
  Edmund (D:5)
  A slave (D:7)
  An ice beast (D:7)
  A sky beast (D:5)
  2 phantoms
  3 ogres
  3 centaurs
  A necrophage (D:6)
  6 howler monkeys
  4 crimson imps
  2 quasits
  2 jellies
  A hound (D:4)
  2 bullfrog skeletons
  5 orc priests
  A centaur skeleton (D:2)
  8 orc wizards
  8 worker ants
  An iguana (D:7)
  2 howler monkey skeletons
  9 gnolls
  10 adders
  4 shadow imps
  3 worms
  A dart slug (D:1)
  6 leopard geckos
  34 orcs
  2 ball pythons
  9 bats
  3 giant cockroaches
  6 goblins
  8 hobgoblins
  11 jackals
  5 kobolds
  A quokka (D:5)
  5 frilled lizards
  A leopard gecko skeleton (D:5)
  A quokka skeleton (D:8)
  6 rats
183 creatures vanquished.

Vanquished Creatures (others)
  A slave (D:7)
  A bullfrog (D:7)
  An adder (D:7)
  A kobold (D:1)
4 creatures vanquished.

Grand Total: 187 creatures vanquished

Notes
Turn   | Place    | Note
-------+----------+-------------------------------------------
     0 | D:1      | Mrkan the Hill Orc Fighter began the quest for the Orb.
     0 | D:1      | Reached XP level 1. HP: 19/19 MP: 1/1
   107 | D:1      | Reached XP level 2. HP: 23/27 MP: 2/2
   413 | D:1      | Reached XP level 3. HP: 29/33 MP: 3/3
   831 | D:2      | Reached XP level 4. HP: 22/40 MP: 4/4
  1601 | D:3      | Found a sparkling altar of Nemelex Xobeh.
  1639 | D:3      | Found a hazy altar of Hepliaklqana.
  1731 | D:3      | Found a burning altar of Makhleb.
  1731 | D:3      | Found a radiant altar of Vehumet.
  1765 | D:3      | Reached XP level 5. HP: 45/47 MP: 5/5
  1769 | D:3      | Became a worshipper of Makhleb the Destroyer
  1965 | D:3      | Noticed a water elemental
  1973 | D:3      | Found a stormy altar of Qazlal.
  1973 | D:3      | Noticed a fire elemental
  2027 | D:3      | Noticed an air elemental
  2121 | D:3      | Reached skill level 5 in Axes
  2434 | D:4      | Reached skill level 1 in Invocations
  2513 | D:4      | Noticed an ogre
  2607 | D:4      | Killed an ogre
  2607 | D:4      | Reached XP level 6. HP: 15/55 MP: 5/7
  2951 | D:4      | Reached skill level 5 in Fighting
  3080 | D:4      | Reached * piety under Makhleb
  3111 | D:4      | Noticed a phantom
  3135 | D:4      | Killed a phantom
  3135 | D:4      | Reached XP level 7. HP: 50/61 MP: 8/8
  3191 | D:4      | Found an iron altar of Okawaru.
  3235 | D:4      | Found a sacrificial altar of Ru.
  3273 | D:4      | Reached skill level 5 in Shields
  3666 | D:4      | Found a shattered altar of Ashenzari.
  3674 | D:4      | Found a white marble altar of Elyvilon.
  3677 | D:4      | Found a snail-covered altar of Cheibriados.
  3686 | D:4      | Found a shimmering blue altar of Sif Muna.
  3769 | D:5      | Entered Level 5 of the Dungeon
  4143 | D:5      | Reached XP level 8. HP: 46/70 MP: 11/11
  4175 | D:5      | Reached ** piety under Makhleb
  4458 | D:5      | Noticed Edmund
  4482 | D:5      | Killed Edmund
  4482 | D:5      | Reached skill level 5 in Invocations
  4998 | D:5      | Noticed Eustachio
  5004 | D:5      | Killed Eustachio
  5004 | D:5      | Reached XP level 9. HP: 74/79 MP: 13/13
  5276 | D:6      | Found a hazy altar of Hepliaklqana.
  5518 | D:6      | Found a staircase to the Ecumenical Temple.
  5669 | D:7      | Reached *** piety under Makhleb
  5711 | D:7      | Noticed Pikel
  5745 | D:7      | Killed Pikel
  6521 | D:8      | Noticed a hornet
  6779 | D:8      | Reached XP level 10. HP: 86/90 MP: 16/16
  6945 | D:8      | Noticed Gastronok
  6971 | D:8      | Killed from afar by Gastronok

Levels and vault maps discovered:
D:1:      nzn_arrival_water_spiral, layout_basic, lemuel_old_faithful
D:2:      layout_loops_ring, chequers_serial_rivers_micro_d
D:3:      minmay_wonky_spiral, layout_loops_ring,
          grunt_temple_overflow_lords_of_destruction,
          nicolae_qazlal_style_of_elements, nemelex_xobeh_ov_fountains_minmay,
          lemuel_tele_altar
D:4:      layout_basic, kennysheep_little_box, overflow_temple_1_default,
          ashenzari_conservatory_becter, grunt_temple_overflow_open
D:5:      layout_basic, first_ration, uniq_edmund, uniq_eustachio
D:6:      layout_gridville, nicolae_overflow_crystal_walls,
          minmay_temple_entry_drinking_statues, hangedman_abyss_or_decor_passed
D:7:      layout_rooms, uniq_pikel
D:8:      layout_loops_cross, hangedman_pestilent_swarm, uniq_grum,
          uniq_gastronok

Skill      XL: |  1  2  3  4  5  6  7  8  9 10 |
---------------+-------------------------------+-----
Axes           | 3 4 5 6 7 8 9 |  9.9
Fighting       | 4 5 6 7 8 9 |  9.0
Armour         | 4 |  4.1
Shields        | 4 5 6 8 |  8.1
Invocations    | 1 2 4 6 8 |  8.2

Action                   |  1- 3 |  4- 6 |  7- 9 | 10-12 || total
-------------------------+-------+-------+-------+-------++-------
Melee: War axe           |    78 |   145 |   506 |    61 ||   790
  Use: Scroll            |       |       |    12 |       ||    12
       Potion            |       |       |     4 |     1 ||     5
  Eat: Chunk             |       |     7 |    13 |     1 ||    21
Armor: Scale mail        |    39 |    62 |   216 |    15 ||   332
Dodge: Dodged            |    31 |    38 |   137 |     7 ||   213
Block: Shield            |    49 |    81 |   294 |    21 ||   445
